 Dungeon Crawl Stone Soup version 0.21.1-1-g345015f (webtiles) character file.

57 Baghtru the Skirmisher (level 4, -10/40 HPs)
             Began as a Hill Orc Fighter on Feb 13, 2018.
             Killed by divine providence
             ... invoked by an orc priest
              (12 damage)
             ... on level 3 of the Dungeon.
             The game lasted 00:02:53 (1338 turns).

Baghtru the Skirmisher (Hill Orc Fighter)           Turns: 1338, Time: 00:02:54

Health: -10/40     AC:  7    Str: 19    XL:     4   Next: 0%
Magic:  4/4        EV:  7    Int:  8    God:
Gold:   152        SH:  9    Dex: 10    Spells: 3/3 levels left

rFire    . . .     SeeInvis .   a - +0 war axe
rCold    . . .     Gourm    .   c - +0 shield
rNeg     . . .     Faith    .   b - +0 scale mail
rPois    .         Spirit   .   (no helmet)
rElec    .         Reflect  .   (no cloak)
rCorr    .         Harm     .   (no gloves)
MR       .....                  (no boots)
Stlth    ..........             (no amulet)
HPRegen  0.13/turn              (no ring)
MPRegen  0.09/turn              (no ring)

@: no status effects
A: no striking features
a: Convert to Beogh


You were on level 3 of the Dungeon.
You were hungry.

You visited 1 branch of the dungeon, and saw 3 of its levels.

You collected 152 gold pieces.

Inventory:

Hand Weapons
 a - a +0 war axe (weapon)
Armour
 b - a +0 scale mail (worn)
 c - a +0 shield (worn)
Wands
 n - a wand of iceblast (12)
Scrolls
 j - 2 scrolls of teleportation {unknown}
 k - a scroll of enchant armour {unknown}
 l - a scroll of enchant weapon {unknown}
 o - a scroll of fear {unknown}
 q - a scroll of identify {unknown}
 s - a scroll of amnesia {unknown}
Potions
 d - a potion of might
 e - a potion of invisibility {unknown}
 g - a potion of mutation {unknown}
 h - a potion of flight {unknown}
 i - a potion of heal wounds {unknown}
 m - a potion of ambrosia {unknown}
 p - a potion of curing {unknown}
 r - a potion of brilliance {unknown}
 t - a potion of agility {unknown}
Comestibles
 f - 2 rations


   Skills:
 + Level 4.2 Fighting
 + Level 3.8 Axes
 + Level 3.7 Armour
 + Level 3.8 Shields


You had 3 spell levels left.
You didn't know any spells.

Dungeon Overview and Level Annotations

Branches:
Dungeon (3/15)

Altars:
Wu Jian
Yredelemnul


Message History

The orc priest is severely wounded.
You barely miss the orc. You block the orc priest's attack.
The orc hits you but does no damage.
Unknown command.
You barely miss the orc priest.
The orc priest is severely wounded.
The orc priest shouts, "Beogh is our master!
Accept the truth or die!"
You hit the orc but do no damage.
The orc priest mumbles some strange prayers to Beogh against you.
Pain shoots through your body!
* * * LOW HITPOINT WARNING * * *
You block the orc's attack.
The orc priest hits you but does no damage.
The orc hits you but does no damage.
You completely miss the orc priest.
The orc priest is severely wounded.
Your shield and scale mail prevent you from hitting the orc.
The orc priest invokes the aid of Beogh against you.
Beogh smites you!
You die...

##### ##.... ...%
#..# #.. #..#
....###.)#######
.#...o@.)......
#......o.#######
.########.#
..........######
#########........
.......<#.....###
##.##.#.#.....#
##...##....#
#.........##


You could see an orc priest and an orc.

Vanquished Creatures
  A dart slug (D:2)
  3 leopard geckos
  3 orcs (D:3)
  4 bats
  2 giant cockroaches (D:1)
  11 goblins
  3 hobgoblins
  2 jackals (D:1)
  3 kobolds (D:1)
  A ball python (D:1)
  3 frilled lizards (D:1)
  6 rats
42 creatures vanquished.

Notes
Turn   | Place    | Note
-------+----------+-------------------------------------------
     0 | D:1      | Baghtru the Hill Orc Fighter began the quest for the Orb.
     0 | D:1      | Reached XP level 1. HP: 19/19 MP: 1/1
    54 | D:1      | Reached XP level 2. HP: 22/27 MP: 2/2
   247 | D:1      | Reached skill level 4 in Fighting
   248 | D:1      | Reached XP level 3. HP: 33/33 MP: 3/3
   829 | D:2      | Found a basalt altar of Yredelemnul.
  1163 | D:2      | Found an ornate altar of the Wu Jian Council.
  1334 | D:3      | Reached XP level 4. HP: 15/40 MP: 4/4
  1337 | D:3      | HP: 2/40 [orc priest/nerve-wracking pain (10)]
  1338 | D:3      | Killed from afar by an orc priest

Skill      XL: |  1  2 |
---------------+-------+-----
Axes           | 3 |  3.8
Fighting       | 4 |  4.2
Armour         | |  3.7
Shields        | |  3.8

Action                   |  1- 3 |  4- 6 || total
-------------------------+-------+-------++-------
Melee: War axe           |   108 |     4 ||   112
  Eat: Chunk             |     1 |       ||     1
Armor: Scale mail        |    59 |     4 ||    63
Dodge: Dodged            |    37 |     1 ||    38
Block: Shield            |    65 |     3 ||    68
